[Event "Cattolica Chess Festival 2022"]
[Site "Cattolica"]
[Date "2022.06.06"]
[Round "3.7"]
[White "Shahil Dey"]
[Black "Korneev, Oleg"]
[Result "1/2-1/2"]
[ECO "B47"]
[WhiteElo "2369"]
[BlackElo "2521"]
[Annotator "TA"]
[PlyCount "133"]
[EventDate "2022.06.04"]
[EventCountry "ITA"]
[SourceTitle "playchess.com"]
[Source "ChessBase"]
[SourceQuality "1"]
[TimeControl "5400+30"]

1. e4 c5 2. Nc3 e6 3. Nge2 a6 4. g3 Nc6 5. d4 cxd4 6. Nxd4 Qc7 7. Bg2 Nf6 8. O-O Nxd4 9. Qxd4 Bc5 10. Bf4 d6 11. Qd2 h6 12. Rad1 e5 13. Be3 Be6 {[%emt 0:02:53] B47: Sicilian: Taimanov: 5 Nc3 Qc7 6 f4, 6 g3 and 6 Be2.} 14. Bxc5 dxc5 15. Nd5 Bxd5 {[%emt 0:00:12] White is slightly better.} 16. exd5 {[%emt 0:00:04] Black must now prevent d6.} Qd6 17. f4 O-O 18. fxe5 Qxe5 19. c3 Qd6 {[%emt 0:03:56] [#]} 20. Rfe1 $146 ({Predecessor:} 20. Qf4 Rfd8 21. Qxd6 Rxd6 22. Rfe1 Kf8 23. c4 a5 24. Rd3 Rb6 25. b3 Re8 26. Red1 {0-1 (38) Esserman,M (2447)-Macieja,B (2583) Santa Clara 2014}) 20... Rfe8 21. Qf4 Rad8 22. Rxe8+ Nxe8 23. Qf2 Qc7 24. Re1 Nd6 25. Re2 Re8 26. Rxe8+ Nxe8 $11 {[%emt 0:00:08][%mdl 4096] Endgame KQB-KQN} 27. b4 cxb4 28. cxb4 Nd6 (28... Qe5 $15) 29. Qc5 Qe7 30. a4 g6 (30... Qe5 $15) 31. Qc3 Qe8 32. a5 Nb5 33. Qd2 Qe5 34. Kf2 (34. Qf4 {looks sharper.} Qa1+ 35. Kf2 Qb2+ 36. Kg1) 34... g5 (34... Kg7 {with more complications.} 35. h4 Nd6 36. Qf4 Qe7) 35. Bf3 (35. h4 $1 $11) 35... Nd6 $36 {[%emt 0:00:00][%mdl 2048] Black is on the roll.} 36. Kg2 Kg7 37. Qc2 Nf5 ({Black should play} 37... Qd4 $17 38. Qe2 Nf5) 38. Qd2 Kf6 39. Kf2 Nd6 40. Kg2 Nf5 41. Kf2 $1 Ke7 ({Black should try} 41... Kg6 $1 $15) 42. Kg2 (42. Qe1 $11 {feels stronger.} Qxe1+ 43. Kxe1) 42... Kd6 $15 43. b5 Qd4 {[%emt 0:03:17] Prevents Qb4+.} 44. Qxd4 Nxd4 45. bxa6 bxa6 {[%emt 0:00:01] KB-KN} 46. Be4 Nb3 47. Bd3 Nxa5 48. Bxa6 Kxd5 49. Kf3 f5 $1 50. h4 gxh4 51. g4 (51. gxh4 $15 Ke5 52. Bc8) 51... Ke5 $17 {[%emt 0:01:47] [#] Threatens to win with ...f4.} 52. gxf5 Kxf5 53. Bc8+ Kg5 54. Be6 Nc6 55. Ke4 {[%emt 0:00:45] Against Nd4} Ne7 (55... Nb4 $17 56. Bc8 Nc6) 56. Kf3 {[%emt 0:00:22] [#]} (56. Ke3 $1 $11 {keeps the balance.}) 56... Ng6 $1 57. Bh3 Nf4 58. Bc8 h5 ({Better is} 58... Nd3 $17 59. Ke4 Nc5+ 60. Ke3 Na4) 59. Bd7 $11 Nd3 60. Be6 Ne5+ 61. Kg2 Ng4 62. Kh3 Ne3 63. Bd7 Nd5 64. Kg2 Nf4+ 65. Kf3 {[%emt 0:00:03] The position is equal.} h3 {[%emt 0:00:10] ( -> ...h2)} 66. Kg3 h4+ (66... h2 $5 67. Kxh2 Ne2 $11) 67. Kh2 {[%emt 0:00:04] Weighted Error Value: White=0.14 (very precise) /Black=0.18 (very precise)} 1/2-1/2

[Event "Cattolica Chess Festival 2022"]
[Site "Cattolica"]
[Date "2022.06.06"]
[Round "3.8"]
[White "Rahul Srivatshav P"]
[Black "Souhardo Basak"]
[Result "1-0"]
[ECO "D37"]
[WhiteElo "2458"]
[BlackElo "2357"]
[Annotator "TA"]
[PlyCount "75"]
[EventDate "2022.06.04"]
[EventCountry "ITA"]
[SourceTitle "playchess.com"]
[Source "ChessBase"]
[SourceQuality "1"]
[TimeControl "5400+30"]

1. d4 Nf6 2. c4 e6 3. Nc3 d5 4. Nf3 Be7 5. Bf4 O-O 6. e3 Nbd7 7. c5 Nh5 8. Bd3 {[%emt 0:01:43] D37: Queen's Gambit Declined: 5 Bf4.} Nxf4 9. exf4 b6 10. b4 {[%emt 0:05:36] The position is equal.} a5 11. a3 c6 12. O-O Qc7 {[%emt 0:00:08] 12...Ba6 might become the main line.} 13. g3 Ba6 14. Ne2 Bxd3 15. Qxd3 Bf6 {[%emt 0:04:46] [#]} 16. Rab1 $146 ({Predecessor:} 16. Qc3 axb4 17. axb4 bxc5 18. bxc5 Rxa1 19. Rxa1 g6 20. Ra6 Nb8 21. Ra4 Nd7 22. Qa5 {½-½ (28) Stips,F (2319)-Groeger,S (2087) Saarbruecken 2015}) 16... axb4 17. axb4 Ra4 18. Kg2 Rfa8 19. Rfc1 Ra3 20. Rb3 Rxb3 21. Qxb3 Qb7 22. Qc2 b5 23. Ne5 Bxe5 24. dxe5 Ra4 25. Rb1 Qa6 26. Nd4 {[%emt 0:00:41] White is more active.} g6 {[%emt 0:01:34] [#] Inhibits f5.} (26... Nf8 $16 {is a better defense.}) 27. h4 $1 $18 Ra2 28. Rb2 Ra1 (28... Rxb2 $16 29. Qxb2 Qc8) 29. h5 Nb8 (29... Qc8 {was worth a try.} 30. Ra2 Rxa2 31. Qxa2 Kf8) 30. hxg6 hxg6 {[%emt 0:00:02] [#]} 31. Nxe6 $1 Qa4 {[%emt 0:00:00] And now ...Qxc2 would win.} 32. Nd4 {[%emt 0:00:00] Rb3 is the strong threat.} Kf8 $2 (32... Qxc2 33. Nxc2 (33. Rxc2 Kf8 $16) 33... Ra4) 33. Rb3 Re1 34. Nf3 Re4 35. Qb2 {[%emt 0:00:00][%cal Oe5e6] Hoping for e6!} Ke7 36. e6 Rxe6 37. Ra3 Qd1 38. Ra7+ {[%emt 0:00:00] Weighted Error Value: White=0.09 (flawless) /Black=0.55} (38. Qh8 $142 Re2 39. Ra7+ Nd7 40. Nd4 Qxd4 41. Qxd4 Ke6 42. Qh8 Ne5 43. fxe5) 1-0

[Event "Cattolica Chess Festival 2022"]
[Site "Cattolica"]
[Date "2022.06.06"]
[Round "3.9"]
[White "Jobava, Baadur"]
[Black "Milikow, Elie"]
[Result "1-0"]
[ECO "B30"]
[WhiteElo "2600"]
[BlackElo "2428"]
[Annotator "TA"]
[PlyCount "133"]
[EventDate "2022.06.04"]
[EventCountry "ITA"]
[SourceTitle "playchess.com"]
[Source "ChessBase"]
[SourceQuality "1"]
[TimeControl "5400+30"]

1. e4 c5 2. Nf3 Nc6 3. Bb5 e6 4. O-O Nge7 5. Re1 a6 6. Bf1 d5 7. exd5 Nxd5 8. d4 Nf6 9. Be3 Be7 {[%emt 0:00:12] B30: Sicilian: 2...Nc6 3 Bb5, lines without ...g6.} 10. c4 O-O 11. Nc3 cxd4 {[%emt 0:01:07] The position is equal.} 12. Nxd4 Bd7 {[%emt 0:03:00] 12...Bd7 has lost popularity.} 13. Nb3 Ne5 14. Qd4 Ng6 {[%emt 0:02:11] [#]} 15. Rad1 $146 ({Predecessor:} 15. Red1 Qb8 16. g3 Bc6 17. Bg2 Rd8 18. Qb6 Nd7 19. Qa5 Bxg2 20. Kxg2 b6 21. Qa4 {0-1 (29) Svoboda,S (2334)-Babula,V (2553) Ostrava 2014}) 15... Qc7 16. Qb6 Qb8 17. Bc5 Bxc5 18. Nxc5 Bc6 19. h3 Rc8 20. b4 Qf4 21. Nb3 ({Wrong is} 21. Nxb7 $2 Qb8 22. Rd8+ Rxd8 $19) 21... Qg5 {[%emt 0:15:03][%cal Oc6g2] White must now prevent ...Bxg2!} 22. Qe3 (22. Re3 {feels hotter.} Nd7 23. Qd4 Rd8 24. Ne4) 22... Qxe3 23. Rxe3 Rd8 24. Rxd8+ Rxd8 25. Na5 Ne7 26. b5 axb5 27. cxb5 Bd5 28. Nxd5 Nfxd5 29. Nxb7 Ra8 30. Re2 {[%emt 0:00:00] And now Rc2 would win.} Rb8 $1 31. Nd6 Rb6 32. Nc4 Rxb5 33. a4 Rb4 34. Rb2 Nc6 35. Rxb4 Ndxb4 $11 {[%emt 0:00:46][%mdl 4096] Endgame KBN-KNN} 36. h4 f5 37. f4 Kf7 38. Kf2 Kf6 39. Nb6 (39. g3 $14) 39... g6 (39... Ke7 $1 $11) 40. Bb5 $14 Na7 41. Ke3 {[%emt 0:00:00] Kd4 is the strong threat.} Nc2+ 42. Kd2 Nd4 43. Bc4 Ke7 44. Kc3 Ndc6 45. g3 {[%emt 0:00:00] White is more active.} Kd6 46. Ba2 Na5 $2 (46... Kc7 $16 {is tougher.}) 47. Nc4+ $18 Nxc4 48. Kxc4 {[%emt 0:00:00] KB-KN} (48. Bxc4 $18 {and the rest is easy. Hoping for a5.} Nc6 49. Bb5) 48... Nc6 $16 49. Kb5 e5 50. fxe5+ Nxe5 51. a5 {[%emt 0:00:00][%cal Ba4a5,Ba5a6][%mdl 32] aiming for Bg8.} (51. Bg8 $5 h6 52. Bh7 $16 (52. a5 Kc7 $14)) 51... h6 $2 {[%emt 0:00:51][%mdl 8192] [#] Black is now going downhill.} (51... Kc7 $14) 52. a6 $1 $18 {[%emt 0:00:00] White threatens a7 and mate.} Kc7 {[%emt 0:00:04] [#]} 53. Be6 $1 g5 54. hxg5 {[%emt 0:00:00] White mates.} hxg5 55. Bxf5 Kb8 56. Kb6 Nc4+ 57. Kc5 Ne3 58. Bd3 Ka7 59. Kd4 Ng4 60. Be2 Nh6 61. Ke5 Nf7+ 62. Kf6 Nd6 63. Kxg5 Ne4+ 64. Kf4 Nc3 65. Bc4 Na4 66. g4 Nb6 67. Be6 {[%emt 0:00:00] Weighted Error Value: White=0.15 (very precise) /Black=0.35} 1-0

[Event "Cattolica Chess Festival 2022"]
[Site "Cattolica"]
[Date "2022.06.06"]
[Round "3.10"]
[White "Brunello, Sabino"]
[Black "Tytynnik, Artem"]
[Result "1-0"]
[ECO "D78"]
[WhiteElo "2521"]
[BlackElo "2205"]
[Annotator "TA"]
[PlyCount "95"]
[EventDate "2022.06.04"]
[EventCountry "ITA"]
[SourceTitle "playchess.com"]
[Source "ChessBase"]
[SourceQuality "1"]
[TimeControl "5400+30"]

1. c4 Nf6 2. g3 d5 3. cxd5 Nxd5 4. Bg2 g6 5. Qb3 c6 6. Nc3 Nb6 7. Nf3 Bg7 8. d4 O-O 9. O-O Na6 10. Rd1 Be6 11. Qc2 Nb4 12. Qb1 {[%emt 0:01:42] D78: Fianchetto Grünfeld: 6 0-0 c6.} N4d5 13. Ne4 (13. e4 $14) 13... Bf5 $11 {[%emt 0:02:51] [#]} 14. Nh4 $146 {[%emt 0:01:23] The position is equal.} ({Predecessor:} 14. h3 Nf6 15. Nxf6+ exf6 16. e4 Be6 17. g4 Qd6 {1-0 (50) Bu,X (2675)-Khmelniker,I (2510) Biel 2011}) 14... Bg4 15. f3 Bc8 16. Nf2 f5 17. f4 Be6 18. e4 fxe4 19. Qxe4 (19. Nxe4 {with more complications.} Nc7 20. Ng5 Bg4 21. Ngf3) 19... Qd7 20. Nf3 Nf6 21. Qe1 Bd5 22. Ne5 Qc7 23. Nh3 e6 24. Ng5 Rae8 25. Bd2 {[%emt 0:00:24] Strongly threatening Bb4.} Nfd7 26. h4 {[%emt 0:03:44] White is more active.} Nxe5 27. dxe5 Bxg2 28. Kxg2 Nd5 29. Qe4 ({White should play} 29. Ne4 $16) 29... Bh6 30. Nf3 Rf7 31. Rh1 Kg7 $2 {[%emt 0:04:42][%mdl 8192] Loses the game.} (31... Ref8 $14) 32. h5 $18 {[%emt 0:03:32] [#] Hoping for hxg6.} Rh8 33. Rh3 c5 34. hxg6 hxg6 35. Rah1 {[%emt 0:00:00] And now Ng5 would win.} Qc6 36. Kf1 Qb5+ 37. Qe2 Qxb2 38. Ng5 Qb1+ (38... Re7 $142 39. Rxh6 Rxh6 40. Rxh6 Qb1+ 41. Be1 Ne3+ 42. Qxe3 Kxh6 43. Qxc5 Re8 44. Qxa7 Qb5+ 45. Kg1 Qe2) 39. Kg2 Qxh1+ 40. Rxh1 Bxg5 41. Rxh8 Kxh8 42. fxg5 {[%emt 0:00:00] Qb5 is the strong threat.} b6 43. Qg4 Rf5 (43... Re7 $142 44. Qa4 Kh7) 44. Qa4 {[%emt 0:01:55] Threatening mate with Qe8+.} Rxe5 {[%emt 0:00:36] [#]} 45. Bc3 $1 Nxc3 46. Qe8+ Kg7 47. Qe7+ (47. Qd7+ $142 Kg8 48. Qd8+ Kf7 49. Qd7+ Kg8 50. Qd8+ Kf7 51. Qf6+ Ke8 52. Qxe5) 47... Kg8 48. Qd8+ {[%emt 0:00:05] Weighted Error Value: White=0.25 (precise) /Black=0.64} 1-0

[Event "Cattolica Chess Festival 2022"]
[Site "Cattolica"]
[Date "2022.06.07"]
[Round "4.1"]
[White "Basso, Pier Luigi"]
[Black "Pantsulaia, Levan"]
[Result "0-1"]
[ECO "B19"]
[WhiteElo "2570"]
[BlackElo "2587"]
[Annotator "TA"]
[PlyCount "102"]
[EventDate "2022.06.04"]
[EventCountry "ITA"]
[SourceTitle "playchess.com"]
[Source "ChessBase"]
[SourceQuality "1"]
[TimeControl "5400+30"]

1. e4 c6 2. d4 d5 3. Nd2 dxe4 4. Nxe4 Bf5 5. Ng3 Bg6 6. h4 h6 7. Nf3 Nd7 8. h5 Bh7 9. Bd3 Bxd3 10. Qxd3 e6 11. Bd2 Ngf6 12. O-O-O Bd6 13. Ne4 Bc7 {[%emt 0:00:05] [#]} 14. Rde1 $146 {[%emt 0:04:09] B19: Classical Caro-Kann: 4...Bf5 main line.} ({Predecessor:} 14. Nxf6+ Nxf6 15. Qb3 b5 16. Ne5 Qd5 17. Bb4 a5 18. Bc5 Bxe5 19. dxe5 Qxc5 20. exf6 Qg5+ 21. Kb1 Qxf6 {1-0 (46) Saric,I (2652)-Riazantsev,A (2671) Tallinn 2016}) 14... Nxe4 15. Qxe4 Qe7 16. g4 {[%emt 0:08:34] The position is equal.} Nf6 17. Qe2 O-O-O 18. g5 hxg5 19. Bxg5 Rd5 {[%emt 0:00:06][%cal Od5g5] Strongly threatening ...Rxg5!} 20. Ne5 Rxd4 21. h6 gxh6 22. Qf3 Bd8 (22... Bxe5 23. Rxe5 hxg5 24. Rxh8+ Ne8 25. Rg8 $16) 23. Be3 (23. c3 $11 Rd5 24. Bh4) 23... Rd5 ({Black should play} 23... Re4 $1 $15 24. Bxa7 Rxe1+ 25. Rxe1 Nd7 26. Qxf7 Nxe5 27. Qxe7 Bxe7 28. Rxe5 h5) 24. Bxa7 {[%emt 0:00:24] [#]} (24. Bg5 $1 $11 {remains equal.}) 24... Nd7 $1 $17 ({Much less strong is} 24... Qb4 25. Nxf7 Rf8 26. Nxd8 $16 (26. c3 Qa5 $11)) 25. Nxc6 {[%emt 0:07:11] This costs White the game.} (25. Nxf7 $2 Rf8 26. Be3 Rxf7 $19) (25. Nxd7 $17 Qxd7 26. c4) 25... bxc6 $19 26. Qc3 {[%emt 0:00:02] Inhibits Qb4.} Nf6 (26... Qg5+ $2 27. Be3 Qe5 28. Qxc6+ Bc7 29. Kb1 $19) 27. Qxc6+ Qc7 28. Qa6+ Qb7 ({Don't go for} 28... Kd7 $2 29. Be3 $19) 29. Qc4+ Kd7 ({Wrong is} 29... Qc7 $2 30. Qa6+ Qb7 31. Qc4+ Qc7 32. Rh4 $19) 30. Be3 h5 31. Rd1 Ke8 32. Qa4+ Kf8 33. c4 Rxd1+ 34. Rxd1 Be7 35. c5 Nd5 36. c6 Qc7 37. Bd4 f6 38. Kb1 Kf7 {[%emt 0:00:00] And now ...h4 would win.} 39. a3 h4 40. Qc2 h3 41. Rg1 Rh6 42. Be3 h2 43. Rh1 Rg6 44. Ka2 f5 {[%emt 0:00:00] White must now prevent ...Rg1.} 45. Bd4 Rg4 46. Bh8 {[%emt 0:00:39] [#]} Nb4+ $1 {[%emt 0:03:16][%mdl 512] Black mates.} 47. axb4 Qa7+ 48. Kb3 Rxb4+ 49. Kc3 Qc5+ 50. Kd2 Bg5+ 51. Kd3 Qb5+ {[%emt 0:00:14] Weighted Error Value: White=0.59/Black=0.04 (flawless)} 0-1

[Event "Cattolica Chess Festival 2022"]
[Site "Cattolica"]
[Date "2022.06.07"]
[Round "4.2"]
[White "Schmider, Niklas"]
[Black "Rahul Srivatshav P"]
[Result "0-1"]
[ECO "A62"]
[WhiteElo "2393"]
[BlackElo "2458"]
[Annotator "TA"]
[PlyCount "72"]
[EventDate "2022.06.04"]
[EventCountry "ITA"]
[SourceTitle "playchess.com"]
[Source "ChessBase"]
[SourceQuality "1"]
[TimeControl "5400+30"]

1. d4 Nf6 2. c4 e6 3. g3 c5 4. d5 exd5 5. cxd5 g6 6. Nc3 d6 7. Bg2 Bg7 8. Nf3 O-O 9. O-O Re8 10. Bf4 Na6 {[%emt 0:58:57] 10...Bf5 is becoming the main line.} 11. Qd2 {[%emt 0:00:00] A62: Modern Benoni: Fianchetto Variation without early ...Nbd7.} ({White should try} 11. Re1 $11) 11... Nc7 $15 12. a4 {[%emt 0:00:00] [#]} Bf5 $146 (12... Ne4 $17 13. Nxe4 Rxe4) ({Predecessor:} 12... Ne4 13. Nxe4 Rxe4 14. Ne1 Rd4 15. Qc1 Bf5 16. Bd2 Qd7 17. e3 Rxa4 18. Rxa4 Qxa4 19. Bc3 {1-0 (45) Kucuksari,K (2365)-Hillarp Persson,T (2543) Chess.com INT 2020}) 13. Bh6 {[%emt 0:00:00] The position is equal.} Ne4 $1 ({Reject} 13... Bxh6 14. Qxh6 Ncxd5 15. Nxd5 Nxd5 16. e4 (16. Ng5 Nf6 $11) 16... Bxe4 17. Ng5 $11) 14. Nxe4 Bxe4 15. Bxg7 Kxg7 16. Nh4 Bxg2 17. Nxg2 Re4 18. Ne3 Qf6 19. Rfd1 Rae8 20. b3 h5 {[%emt 0:00:00] Black is more active.} 21. Rac1 b5 {[%emt 0:00:00] Against Rc4} (21... Rb4 $17 22. Rb1 h4) 22. Qa5 R8e7 23. Qxa7 $2 {[%emt 0:00:00] Now White is beyond hope.} (23. axb5 $17 Rb4 24. Rd3) 23... h4 $19 24. axb5 $2 (24. Qa5 {was forced.} Rb4 25. Rd3 (25. axb5 Nxb5 26. Qd8 hxg3 $17)) 24... hxg3 25. hxg3 Nxb5 26. Qa6 Nd4 {[%emt 0:01:17] White must now prevent ...Rxe3.} 27. Qd3 {[%emt 0:00:00] [#]} (27. Rc3) 27... Qg5 $1 {[%emt 0:00:06][%cal Re4e3] Hoping for ...Rxe3.} 28. Rc3 f5 {[%emt 0:04:57] aiming for ...f4.} ({Don't blunder} 28... Rxe3 $2 29. fxe3 Qxg3+ 30. Kf1 Qh3+ 31. Ke1 $19) 29. Kf1 f4 30. gxf4 Qh4 31. Kg2 {[%emt 0:07:08] Prevents Qh1+.} Rxf4 {[%emt 0:00:11] Black mates.} 32. f3 Re5 33. Rg1 {[%emt 0:00:00] [#]} Nxf3 $1 34. exf3 Rg5+ {[%emt 0:00:00][%mdl 64] Skewer} 35. Ng4 Rgxg4+ {[%emt 0:00:00][%mdl 64] Remove Defender} 36. fxg4 Rf2# {[%emt 0:00:00] Weighted Error Value: White=0.93/Black=0.07 (flawless)} 0-1

[Event "Cattolica Chess Festival 2022"]
[Site "Cattolica"]
[Date "2022.06.07"]
[Round "4.3"]
[White "Safarli, Eltaj"]
[Black "Trost, Edvin"]
[Result "1-0"]
[ECO "B10"]
[WhiteElo "2600"]
[BlackElo "2366"]
[Annotator "TA"]
[PlyCount "55"]
[EventDate "2022.06.04"]
[EventCountry "ITA"]
[SourceTitle "playchess.com"]
[Source "ChessBase"]
[SourceQuality "1"]
[TimeControl "5400+30"]

1. e4 c6 2. Nf3 d5 3. d3 g6 4. e5 Bg7 5. d4 f6 6. exf6 {[%emt 0:00:19] B10: Caro-Kann: 2 d3 and 2 c4.} Nxf6 7. Be2 O-O 8. O-O {[%emt 0:00:08] The position is equal.} Bg4 9. Nbd2 Qd6 {[%emt 0:01:10] [#]} 10. b3 $146 ({Predecessor:} 10. Ne5 Bxe2 11. Qxe2 Nbd7 12. f4 c5 13. c3 cxd4 14. cxd4 Rac8 15. Ndf3 Ne4 16. Be3 Nxe5 17. dxe5 {½-½ (49) Sjugirov,S (2680)-Grandelius,N (2672) Chess.com INT 2022}) 10... Nbd7 11. a4 Rfe8 (11... Nh5 {is interesting.} 12. Ba3 c5 13. dxc5 Qf6) 12. Ba3 Qc7 13. Ne5 Bf5 14. f4 Qb6 (14... c5 $11 {keeps the balance.}) 15. c3 $16 c5 16. g4 $1 Be6 17. g5 $1 $36 {[%emt 0:03:29][%mdl 2048] Keeping Black busy.} cxd4 {[%emt 0:01:45] ...d3+ is the strong threat.} 18. a5 $1 Qxa5 {[%emt 0:00:09][%cal Oa5b6] Threatens to win with ...Qb6!} 19. gxf6 exf6 {[%emt 0:00:28] [#]} 20. Nxd7 {[%emt 0:02:00] White is more active.} ({Inferior is} 20. cxd4 fxe5 21. dxe5 Bh6 $17) 20... Bxd7 21. cxd4 Qc3 22. Bc5 b6 (22... f5 $16 {is a better defense.}) 23. Rf3 $18 Qb2 {[%emt 0:00:24] aiming for ...Rxe2.} 24. Rb1 Qa2 25. Bb4 {[%emt 0:01:46] And now Ra1 would win.} Rac8 {[%emt 0:04:10] [#]} 26. Rf2 $1 Bf5 {[%emt 0:01:13] Against Bd3} (26... a5 $142) 27. Ra1 Qb2 {[%emt 0:00:12][%cal Oe8e2] [#] Hoping for ...Rxe2!} 28. Nc4 $1 {[%emt 0:02:04][%mdl 512] Weighted Error Value: White=0.02 (flawless) /Black=0.23 (precise)} 1-0

[Event "Cattolica Chess Festival 2022"]
[Site "Cattolica"]
[Date "2022.06.07"]
[Round "4.4"]
[White "Milikow, Yoav"]
[Black "Brunello, Sabino"]
[Result "0-1"]
[ECO "D11"]
[WhiteElo "2410"]
[BlackElo "2521"]
[Annotator "TA"]
[PlyCount "80"]
[EventDate "2022.06.04"]
[EventCountry "ITA"]
[SourceTitle "playchess.com"]
[Source "ChessBase"]
[SourceQuality "1"]
[TimeControl "5400+30"]

1. d4 d5 2. c4 c6 3. Nf3 Nf6 4. g3 Bg4 5. Ne5 Bf5 6. cxd5 {[%emt 0:00:11] D11: Slav Defence: 3 Nf3 sidelines and 3...Nf6 4 e3 Bg4.} Bxb1 7. Rxb1 Qxd5 8. f3 {[%emt 0:00:06] The position is equal.} Qxa2 9. Bd2 {[%emt 0:00:48][%cal Bc1d2,Bd2c3,Bc3d4][%mdl 32] [#]} Qe6 $146 ({Predecessor:} 9... Qd5 10. e4 Qxd4 11. Qb3 Nxe4 12. Qxf7+ Kd8 13. Ba5+ {1-0 (13) Dreev,A (2657)-Loiacono,A (2317) Forni di Sopra 2019}) 10. e4 {[%emt 0:03:59] [#] Hoping for Bc4.} Qc8 $1 11. d5 {[%emt 0:05:20] Black must now prevent Qb3.} e6 $1 12. dxe6 Qxe6 13. Bc3 {[%emt 0:09:21] Bc4 is the strong threat.} ({Don't play} 13. Ba5 Nbd7 14. Nd3 Bd6 $15) (13. f4 $5 b5 14. Qc2 $11 (14. Ba5 Na6 $11)) 13... b5 {[%emt 0:01:13] Prevents Bc4.} 14. Nd3 {[%emt 0:12:33] Against Bc5} Nd5 15. Bd4 Nd7 16. Kf2 N5b6 17. Nf4 Qd6 18. b4 Ne5 {[%emt 0:07:56] Prevents Qd3.} 19. Ne2 {[%emt 0:03:52] Black keeps a firm grip on the game.} (19. Be2 $15) 19... Rd8 $17 {[%emt 0:03:10] Black is more active.} 20. Bh3 {[%emt 0:01:02] [#]} (20. f4 $17 {might work better.} Ng4+ 21. Kg1) 20... Qh6 $1 $19 21. Bg2 (21. Bf5 $142) 21... Nbc4 22. Rb3 $2 (22. f4 Ng4+ 23. Kg1) 22... a5 23. Qa1 (23. bxa5 $142 Nxa5 24. Rb1) 23... a4 24. Rbb1 Nd3+ 25. Kg1 Nxb4 {[%emt 0:00:25] Strongly threatening ...Nc2. Pair of Knights!} 26. Qc3 {[%emt 0:03:00] Inhibits Nc2.} c5 27. Bf2 Qd2 28. Bf1 a3 29. Be1 Qe3+ 30. Bf2 Qd2 31. Be1 $1 Qe3+ 32. Bf2 $1 Qd3 33. Ra1 a2 34. Kg2 h5 {[%emt 0:00:00] Black is clearly winning.} 35. Qc1 (35. Qxd3 $142 Rxd3 36. Nc1) 35... Nd2 36. Qc3 Nxf1 37. Kxf1 Rh6 38. Be1 Ra6 {[%emt 0:00:00] Threatens to win with ...Nc2.} 39. Qe5+ Be7 40. Kf2 Nc2 {[%emt 0:00:00] Weighted Error Value: White=0.48/Black=0.44} 0-1

[Event "Cattolica Chess Festival 2022"]
[Site "Cattolica"]
[Date "2022.06.07"]
[Round "4.5"]
[White "Bernadskiy, Vitaliy"]
[Black "Kolb, Tobias"]
[Result "1-0"]
[ECO "B10"]
[WhiteElo "2636"]
[BlackElo "2345"]
[Annotator "TA"]
[PlyCount "87"]
[EventDate "2022.06.04"]
[EventCountry "ITA"]
[SourceTitle "playchess.com"]
[Source "ChessBase"]
[SourceQuality "1"]
[TimeControl "5400+30"]

1. e4 c6 2. c4 d5 3. exd5 cxd5 4. cxd5 Nf6 5. Qa4+ Nbd7 6. Nc3 g6 7. Bc4 Bg7 8. Nf3 {[%emt 0:00:44] B10: Caro-Kann: 2 d3 and 2 c4.} O-O {[%emt 0:00:08][%mdl 1024] Black has compensation.} 9. d3 a6 10. Qa3 {[%emt 0:00:06] The position is equal.} b6 11. O-O Bb7 12. Re1 Re8 13. Be3 b5 14. Bb3 Nb6 15. d6 {[%emt 0:03:46] [#] And now Bxb6 would win.} e6 {[%emt 0:17:44] [#]} (15... Bxf3 $11 16. gxf3 exd6) 16. Ne4 $146 ({Predecessor:} 16. Ne5 Bf8 17. Bc5 Nc8 18. Qb4 Nxd6 19. a4 a5 20. Qf4 b4 21. Ne4 Ndxe4 22. Bxf8 Rxf8 23. dxe4 {1-0 (42) Jobava,B (2588)-Yuan,Q (2373) Chess.com INT 2022}) 16... Nbd5 17. Bg5 {[%emt 0:01:51] aiming for Bxd5.} h6 18. Bxd5 Bxd5 19. Bxf6 Bxf6 {[%emt 0:00:20] This bishop pair is nice.} 20. d7 (20. Nxf6+ $16 Qxf6 21. Ne5) 20... Rf8 21. Nxf6+ Qxf6 22. Ne5 Qg5 23. f3 $1 $40 {[%emt 0:00:28][%mdl 128] White mounts an attack. Active counter play!} f6 24. Ng4 {[%emt 0:04:43] Rac1 is the strong threat.} Rf7 $1 25. Qd6 Rd8 26. Kh1 (26. Rac1 $5 Rfxd7 27. Qxa6 $14) 26... Rfxd7 27. Qxa6 Qf4 28. Ne3 (28. Qxb5 {[#]} Bxf3 $1 29. Nf2 (29. Nxh6+ Kg7 $15) 29... Rb7 $11) 28... Qd6 {[%emt 0:01:38] Black is now going downhill.} (28... Qa4 $1 $14 29. Qb6 Rd6) 29. Qxb5 $16 Rb8 30. Qa5 Rxb2 (30... e5 $16 {might work better.}) 31. Qc3 $1 $18 Rb8 32. Qxf6 Rf8 33. Qxg6+ Rg7 34. Qh5 (34. Qxh6 Rh7 35. Qg6+ Rg7 $18) 34... Kh7 35. Nxd5 ({Weaker is} 35. Ng4 Rxf3 36. Re5 (36. Qxh6+ Kg8 $16) 36... Qf8 $16) 35... exd5 36. Re2 Rg5 37. Qh4 Qg6 38. Qd4 Rf7 39. Rae1 ({Not} 39. Re8 Rg7 40. Re2 Rxg2 $16) 39... Rg7 40. g4 Qf7 41. Kg2 h5 42. h3 {[%emt 0:00:00][%cal Bh2h3,Bh3g4][%mdl 32] Hoping for Re6.} hxg4 43. hxg4 Qf5 44. Re7 {[%emt 0:00:00] Weighted Error Value: White=0.09 (flawless) /Black=0.46} 1-0

[Event "Cattolica Chess Festival 2022"]
[Site "Cattolica"]
[Date "2022.06.07"]
[Round "4.6"]
[White "Jobava, Baadur"]
[Black "Shahil Dey"]
[Result "1/2-1/2"]
[WhiteElo "2600"]
[BlackElo "2369"]
[Annotator "TA"]
[PlyCount "40"]
[EventDate "2022.06.04"]
[EventCountry "ITA"]
[SourceTitle "playchess.com"]
[Source "ChessBase"]
[SourceQuality "1"]
[TimeControl "5400+30"]

1. d4 d5 2. c4 c6 3. Nf3 Nf6 4. cxd5 cxd5 5. Nc3 Nc6 6. Bf4 e6 7. e3 Bd6 8. Bxd6 Qxd6 9. Bd3 O-O 10. O-O {[%emt 0:00:02] [#]} {Predecessor:} Bd7 $146 {D13: Slav Defence: Exchange variation without ...Bf5.} 11. Rc1 Rac8 12. a3 a6 13. h3 Rc7 14. e4 dxe4 15. Nxe4 Nxe4 16. Bxe4 h6 17. d5 exd5 18. Bxd5 Be6 19. Bxc6 Rxc6 20. Rxc6 Qxc6 {½-½ (28) Ju,W (2560)-Bai,J (2618) Xinghua 2020} 1/2-1/2